 Dungeon Crawl Stone Soup version 0.30-a0-830-gfe289a77b0 (webtiles) character file.

Game seed: 9977069384517830462

7212 bande the Cleaver (level 11, -5/73 HPs)
             Began as a Gargoyle Fighter on Feb 28, 2023.
             Was a High Priest of Okawaru.
             Slain by a flying skull (6 damage)
             ... on level 1 of the Abyss.
             The game lasted 00:13:49 (9492 turns).

bande the Cleaver (Gargoyle Fighter)                Turns: 9492, Time: 00:13:50

Health: -5/73      AC: 26    Str: 20    XL:     11   Next: 11%
Magic:  0/16       EV:  6    Int:  7    God:    Okawaru [*****.]
Gold:   1152       SH:  6    Dex: 17    Spells: 10/10 levels left

rFire   . . .      SeeInvis .    a - +1 war axe (spect)
rCold   . . .      Faith    .    c - +0 buckler
rNeg    + . .      Spirit   +    b - +0 plate armour
rPois   ∞          Reflect  .    l - +0 helmet
rElec   +          Harm     .    (no cloak)
rCorr   +          Rampage  .    (no gloves)
Will    +....                    j - +2 pair of boots "Din Macw" {Will+} Stlth
                                 o - amulet of guardian spirit
HPRegen 0.32/turn                m - ring of resist corrosion
MPRegen 0.15/turn                (no ring)

@: about to teleport
A: sickness immunity, AC +8, negative energy resistance 1, electricity
resistance, torment resistance 1, petrification resistance, agile 1, robust 1
a: Renounce Religion, Heroism, Finesse, Duel


You were on level 1 of the Abyss.
You worshipped Okawaru.
Okawaru was extremely pleased with you.
You visited 1 branch of the dungeon, and saw 10 of its levels.
You visited the Abyss 1 time.
You also visited: Sewer.

You collected 1152 gold pieces.

Inventory:

Hand Weapons
 a - a +1 spectral war axe (weapon)
 q - a +4 flail of draining
 r - a +0 war axe
 v - a +0 broad axe
Armour
 b - a +0 plate armour (worn)
 c - a +0 buckler (worn)
 j - the +2 pair of boots "Din Macw" (worn) {Will+}
   (You found it on level 2 of the Dungeon)

   Will:      It increases your willpower.
 l - a +0 helmet (worn)
 y - an orb of light
Jewellery
 d - a ring of ice
 f - a ring of ice
 m - a ring of resist corrosion (left hand)
 o - an amulet of guardian spirit (around neck)
Wands
 u - a wand of flame (3)
Scrolls
 e - a scroll of fear
 g - a scroll of teleportation
 h - 3 scrolls of amnesia
Potions
 i - a potion of cancellation
 k - a potion of curing
 n - 2 potions of invisibility
 p - 2 potions of magic
 s - 2 potions of resistance
 t - 5 potions of haste
 x - a potion of mutation


   Skills:
 + Level 7.5 Fighting
 + Level 10.1 Axes
 + Level 9.1 Armour
 + Level 6.6 Shields
 * Level 6.8 Invocations
 * Level 0.9 Evocations


You had 10 spell levels left.
You didn't know any spells.
Your spell library contained the following spells:

 Spells                   Type           Power      Damage    Failure   Level
 Freeze                   Ice            0%         1d3       100%        1
 Slow                     Hex            0%         N/A       100%        1
 Sting                    Tmut/Pois      0%         1d3       100%        1
 Poisonous Vapours        Pois/Air       0%         N/A       100%        2
 Confusing Touch          Hex            0%         N/A       100%        3
 Frozen Ramparts          Ice            0%         1d1       100%        3
 Hailstorm                Conj/Ice       0%         3d3       100%        3
 Teleport Other           Tloc           0%         N/A       100%        3
 Vampiric Draining        Necr           0%         2d6       100%        3
 Olgreb's Toxic Radiance  Pois           0%         N/A       100%        4
 Passage of Golubria      Tloc           0%         N/A       100%        4
 Blade Hands              Tmut           0%         N/A       100%        5
 Yara's Violent Unravell  Hex/Tmut       0%         3d3       100%        5
 Iron Shot                Conj/Erth      0%         9d1       100%        6
 Tukima's Dance           Hex            Unusable   N/A       N/A         3
 Animate Armour           Summ/Erth      Unusable   N/A       N/A         4
 Simulacrum               Ice/Necr       Unusable   N/A       N/A         6

Dungeon Overview and Level Annotations

Branches:
Dungeon (10/15)            Temple (0/1) D:5             Orc (0/2) D:9
  Sewer (visited)
   Lair: D:8-11

Altars:
Ashenzari
Cheibriados
Fedhas
Kikubaaqudgha
Okawaru
Qazlal
Trog
Uskayaw
The Shining One

Shops:
D:3 *

Annotations:
D:10 Sonja


Innate Abilities, Weirdness & Mutations

You are immune to sickness and miasma.
Your stone body is resilient. (AC +8)
You are immune to poison.
You resist negative energy. (rN+)
You are resistant to electric shocks. (rElec)
You are resistant to unholy torment.
You are immune to petrification.
You are agile. (Dex +4, Str/Int -1)
You are robust. (+10% HP)


Message History

A worldbinder comes into view.
You block the wight's attack.
The wight hits you with a +0 long sword.
* * * LOW HITPOINT WARNING * * *
As you read the scroll of fear, it crumbles to dust.
You assume a fearsome visage.
The wight is unaffected.
The smoke demon looks frightened!
The flying skull is unaffected.
As you read the scroll of teleportation, it crumbles to dust.
You feel strangely unstable.
You feel the power of the Abyss delaying your translocation!
The worldbinder calls forth creatures from the Swamp!
You block the wight's attack.
As you read the scroll of brand weapon, it crumbles to dust.
Your +1 heavy war axe acquires a faint afterimage.
a - a +1 spectral war axe (weapon)
The wight hits you but does no damage.
There are monsters nearby!
You are too injured to fight recklessly!
You are too injured to fight recklessly!
Unknown command.
You barely miss the wight. The wight hits you but does no damage.
You slash the wight!
The wight is heavily damaged.
The wight hits you with a +0 long sword.
* * * LOW HITPOINT WARNING * * *
You closely miss the wight.
The wight is heavily damaged.
The wight hits you but does no damage.
Unknown command.
You slash the wight!
You destroy the wight!
Okawaru accepts your kill.
The flying skull hits you but does no damage.
Unknown command.
The flying skull attacks as you move away!
The flying skull hits you.
* * * LOW HITPOINT WARNING * * *
You see here a +0 robe.
The flying skull hits you.
You die...

# . .....#. ..#
# #...#..#.# #
....##.#...§.#.#
#x ......#...# .
x. ..# ......##
# #..#§
##x.x#.3#
..##§#####..#.##
..##..§#z#§§.
#.# .
#.§..@#§§§##
...§§..§§§.§
§§.§.#§§..
#§§.## §.. ##.#
§... § ##.


You could see a flying skull.

Vanquished Creatures
  A two-headed ogre (D:10)
  Joseph (D:9)
  A gargoyle (D:10)
  Maggie (D:9)
  Psyche (D:9)
  A kobold demonologist (D:9)
  4 wyverns
  4 yaks (D:10)
  Eustachio (D:4)
  Edmund (D:4)
  A water moccasin (D:7)
  Pargi (Sewer)
  2 orc warriors
  2 black bears
  3 sky beasts
  2 centaurs (D:9)
  4 kobold brigands
  6 scorpions
  A necrophage (D:7)
  A gnoll sergeant (D:9)
  10 wights
  8 killer bees (D:8)
  2 howler monkeys
  A jelly (D:6)
  3 gnoll boudas
  4 hounds
  4 orc priests
  6 iguanas
  6 orc wizards
  26 gnolls
  9 adders
  2 shadow imps
  A white imp (D:4)
  An ufetubus (D:6)
  4 dart slugs
  16 orcs
  5 bats
  4 endoplasms
  2 giant cockroaches
  6 goblins
  5 hobgoblins
  4 jackals (D:4)
  21 kobolds
  3 quokkas
  7 ball pythons
  A frilled lizard (Sewer)
  7 rats
207 creatures vanquished.

Notes
Turn   | Place    | Note
-------+----------+-------------------------------------------
     0 | D:1      | bande the Gargoyle Fighter began the quest for the Orb.
     0 | D:1      | Reached XP level 1. HP: 14/14 MP: 1/1
   270 | D:1      | Reached XP level 2. HP: 19/19 MP: 2/2
   297 | D:1      | Reached skill level 2 in Axes
   815 | D:1      | Reached XP level 3. HP: 23/23 MP: 3/3
  1040 | D:2      | Got the Compilation of Transposition and the Deep Freeze
  1052 | D:2      | Identified the +2 pair of boots "Din Macw" {Will+}
  1118 | D:2      | Found a hide-covered altar of Uskayaw.
  1441 | D:2      | Found Roekett's Book Shoppe.
  1741 | D:3      | Reached XP level 4. HP: 28/29 MP: 4/4
  1808 | D:3      | Found a faded altar of an unknown god.
  1816 | D:3      | Reached skill level 3 in Axes
  1830 | D:3      | Found Qienueje's Assorted Antiques.
  1945 | D:3      | Noticed a scorpion
  1951 | D:3      | Killed a scorpion
  1952 | D:3      | Reached XP level 5. HP: 33/33 MP: 5/5
  2029 | D:3      | Found a stormy altar of Qazlal.
  2343 | D:4      | Identified a scroll of acquirement
  2343 | D:4      | Acquired 626 gold pieces
  2400 | D:4      | Noticed a black bear
  2405 | D:4      | Killed a black bear
  2406 | D:4      | Reached skill level 4 in Axes
  2406 | D:4      | Reached XP level 6. HP: 33/39 MP: 6/6
  2601 | D:4      | Found a glowing drain.
  2607 | D:4      | Noticed Eustachio
  2624 | Sewer    | Entered a sewer
  2656 | Sewer    | Noticed Pargi
  2663 | Sewer    | Killed Pargi
  2664 | Sewer    | Reached XP level 7. HP: 26/44 MP: 7/7
  2755 | Sewer    | Reached skill level 5 in Axes
  2893 | D:4      | Killed Eustachio
  2894 | D:4      | Reached skill level 5 in Fighting
  2894 | D:4      | Reached skill level 5 in Armour
  2967 | D:4      | Noticed Edmund
  2988 | D:4      | Killed Edmund
  2992 | D:4      | Reached XP level 8. HP: 27/50 MP: 8/8
  3347 | D:4      | Gained mutation: You are clumsy. (Dex -2) [potion of
                  | mutation]
  3347 | D:4      | Gained mutation: You have large cloven feet. [potion of
                  | mutation]
  3348 | D:4      | Lost mutation: You have large cloven feet. [potion of
                  | mutation]
  3348 | D:4      | Lost mutation: You are clumsy. (Dex -2) [potion of
                  | mutation]
  3348 | D:4      | Gained mutation: You are agile. (Dex +4, Str/Int -1)
                  | [potion of mutation]
  3348 | D:4      | Gained mutation: You are robust. (+10% HP) [potion of
                  | mutation]
  3452 | D:4      | Found a snail-covered altar of Cheibriados.
  3473 | D:4      | Found an iron altar of Okawaru.
  3477 | D:4      | Became a worshipper of Warmaster Okawaru
  3833 | D:5      | Entered Level 5 of the Dungeon
  3849 | D:5      | Reached skill level 6 in Axes
  3923 | D:5      | Found a staircase to the Ecumenical Temple.
  4206 | D:5      | Reached skill level 1 in Invocations
  5365 | D:7      | Found a broken altar of Ashenzari.
  5484 | D:7      | Reached * piety under Okawaru
  5535 | D:7      | Reached skill level 5 in Shields
  5566 | D:7      | Reached skill level 7 in Axes
  5566 | D:7      | Reached XP level 9. HP: 60/60 MP: 11/11
  5932 | D:7      | Reached ** piety under Okawaru
  6485 | D:8      | Reached skill level 8 in Axes
  6946 | D:8      | Reached *** piety under Okawaru
  6995 | D:8      | Received a gift from Okawaru
  7234 | D:8      | Reached XP level 10. HP: 64/67 MP: 11/13
  7235 | D:8      | Reached skill level 5 in Invocations
  7806 | D:9      | Found a blossoming altar of Fedhas.
  7914 | D:9      | Noticed a kobold demonologist
  7933 | D:9      | Killed a kobold demonologist
  8094 | D:9      | Noticed Maggie
  8105 | D:9      | Killed Maggie
  8106 | D:9      | Reached skill level 9 in Axes
  8252 | D:9      | Noticed Psyche
  8253 | D:9      | Noticed Joseph
  8257 | D:9      | Killed Psyche
  8269 | D:9      | Killed Joseph
  8643 | D:9      | Found a hide-covered altar of Uskayaw.
  8643 | D:9      | Found an ancient bone altar of Kikubaaqudgha.
  8685 | D:9      | Found a glowing golden altar of the Shining One.
  8707 | D:9      | Found a bloodstained altar of Trog.
  8714 | D:9      | Reached **** piety under Okawaru
  8906 | D:9      | Found a staircase to the Orcish Mines.
  8963 | D:10     | Entered Level 10 of the Dungeon
  8963 | D:10     | Noticed a two-headed ogre
  8971 | D:10     | HP: 3/69 [two-headed ogre/+0 giant club (8)]
  8972 | D:10     | Killed a two-headed ogre
  9211 | D:10     | Noticed a gargoyle
  9218 | D:10     | Killed a gargoyle
  9219 | D:10     | Reached XP level 11. HP: 64/73 MP: 13/15
  9363 | D:10     | Reached skill level 10 in Axes
  9366 | D:10     | Reached ***** piety under Okawaru
  9414 | D:10     | Noticed Sonja
  9441 | Abyss:1  | Cast into level 1 of the Abyss (Sonja)
  9477 | Abyss:1  | Noticed a worldbinder
  9486 | Abyss:1  | Noticed a bog body
  9488 | Abyss:1  | HP: 1/73 [wight/+0 long sword (5)]
  9492 | Abyss:1  | Slain by a flying skull

Illustrated notes

Levels and vault maps discovered:
D:1:      amcnicky_arrival_feature_with_door, layout_loops_corners
D:2:      layout_basic, basic_altar, serial_shops, nicolae_shop_hallway_stairs
D:3:      layout_loops_cross, mainiacjoe_overflow_catwalk, serial_shops,
          nicolae_shop_crystal, shapermc_ecumenical_altar_venn
D:4:      layout_basic, minitemple, portal_sewer_entry_a, uniq_eustachio,
          uniq_edmund
D:5:      layout_cave_pods, minmay_temple_entry_stoned_glass
D:6:      layout_basic
D:7:      layout_layer_cave, lemuel_tele_altar, kennysheep_generic_room_9
D:8:      layout_layer_cave
D:9:      layout_cave_pools, nicolae_overflow_quartered_altars,
          trog_butcher_becter, orc_0_dummy, nicolae_nh_ransacked_shop,
          uniq_maggie, uniq_joseph, uniq_psyche
D:10:     layout_loops_ring, hellmonk_lair_entry_icy, uniq_nergalle,
          uniq_erolcha, uniq_urug, uniq_sonja
Abyss:1:  base: D:5, lemuel_flamethrower_2

Skill      XL: |  1  2  3  4  5  6  7  8  9 10 11 |
---------------+----------------------------------+-----
Axes           | 2 3 4 5 7 8 9 10 | 10.1
Armour         | 4 5 6 7 9 |  9.1
Fighting       | 4 5 6 7 |  7.5
Shields        | 4 5 6 |  6.6
Invocations    | 2 4 6 |  6.8
Evocations     | |  0.9

Action                     |  1- 3 |  4- 6 |  7- 9 | 10-12 || total
---------------------------+-------+-------+-------+-------++-------
  Melee: War axe           |   120 |    92 |   236 |   108 ||   556
    Use: Scroll            |     2 |     5 |    11 |     3 ||    21
         Potion            |       |       |     8 |     3 ||    11
 Armour: Scale mail        |    75 |    85 |    53 |       ||   213
         Skin              |       |       |     7 |       ||     7
         Chain mail        |       |       |   147 |       ||   147
         Plate armour      |       |       |    53 |   122 ||   175
  Dodge: Dodged            |    65 |    74 |   119 |    37 ||   295
  Block: Buckler           |    22 |    29 |   103 |    54 ||   208

Table legend: (Time is in decaauts)
 A = Elapsed time spent in this place.
 B = Non-inter-level travel time spent in this place.
 C = Inter-level travel time spent in this place.
 D = Time resting spent in this place.
 E = Time spent auto-exploring this place.
 F = Levels seen in this place.
 G = Mean time per level.
                   A        B        C        D        E       F      G
               +--------+--------+--------+--------+--------+-----+--------+
         Total |   9844 |   9577 |    267 |   1763 |   6033 |  12 |  820.3 |
       Dungeon |   9516 |   9249 |    267 |   1763 |   5845 |  10 |  951.6 |
         Abyss |     51 |     51 |      0 |      0 |      0 |   1 |   51.0 |
         Sewer |    276 |    276 |      0 |      0 |    188 |   1 |  276.0 |
               +--------+--------+--------+--------+--------+-----+--------+

Top non-repeatable levels by time:
     D:8: 1595 daAuts
     D:9: 1448 daAuts
     D:4: 1326 daAuts
     D:1: 1055 daAuts
     D:7: 976 daAuts
     D:5: 819 daAuts
     D:3: 697 daAuts
     D:6: 664 daAuts
     D:2: 648 daAuts
    D:10: 284 daAuts
   Sewer: 276 daAuts
 Abyss:1: 51 daAuts
